 Dungeon Crawl Stone Soup version 0.30.1-8-g117510f58f (webtiles) character file.

Game seed: 15523124372127509720

456 Ivernyr the Shield-Bearer (level 7, -18/55 HPs)
             Began as a Formicid Fighter on Sept 23, 2023.
             Demolished by an ogre
             ... wielding a +0 giant club
              (25 damage)
             ... on level 5 of the Dungeon.
             The game lasted 00:05:06 (3771 turns).

Ivernyr the Shield-Bearer (Formicid Fighter)        Turns: 3771, Time: 00:05:07

Health: -18/55     AC:  8    Str: 23    XL:     7   Next: 27%
Magic:  7/7        EV:  9    Int:  7    God:
Gold:   128        SH:  5    Dex: 13    Spells: 6/6 levels left

rFire   . . .        a - +0 quarterstaff
rCold   . . .        c - +0 buckler
rNeg    . . .        b - +0 scale mail
rPois   .            (helmet unavailable)
rElec   .            (no cloak)
rCorr   .            (no gloves)
SInv    +            q - +0 pair of boots
Will    .....        (no amulet) Stlth
                     (no ring)
HPRegen 0.29/turn    (no ring)
MPRegen 0.10/turn

%: no passive effects
@: no status effects
A: permanent stasis, dig shafts and tunnels, antennae 3, four strong arms
a: Dig, Shaft Self


You were on level 5 of the Dungeon.
You visited 1 branch of the dungeon, and saw 5 of its levels.

You collected 128 gold pieces.

Inventory:

Hand Weapons
 a - a +0 quarterstaff (weapon)
Armour
 b - a +0 scale mail (worn)
 c - a +0 buckler (worn)
 q - a +0 pair of boots (worn)
Jewellery
 r - a ring of wizardry
Wands
 s - a wand of paralysis (6)
 t - a wand of flame (13)
Scrolls
 e - a scroll of enchant armour {unknown}
 f - 3 scrolls of fear {unknown}
 g - a scroll of amnesia {unknown}
 i - 6 scrolls of identify {unknown}
 j - a scroll of teleportation {unknown}
 m - a scroll of noise {unknown}
 o - a scroll of immolation {unknown}
 p - 2 scrolls of poison {unknown}
Potions
 d - a potion of might
 h - a potion of berserk rage
 k - a potion of lignification {unknown}
 l - 2 potions of curing
 n - a potion of mutation {unknown}
 u - a potion of heal wounds {unknown}


   Skills:
 + Level 4.7 Fighting
 * Level 4.8 Staves
 + Level 4.7 Armour
 + Level 5.7 Shields


You had 6 spell levels left.
You didn't know any spells.
Your spell library contained the following spells:

 Spells                   Type           Power      Damage    Failure   Level
 Lesser Beckoning         Tloc           0%         N/A       90%         2
 Dazzling Flash           Conj/Hex       0%         N/A       99%         3
 Gell's Gravitas          Tloc           0%         N/A       99%         3
 Hailstorm                Conj/Ice       0%         3d3       99%         3
 Teleport Other           Tloc           0%         N/A       99%         3
 Volatile Blastmotes      Fire/Tloc      0%         2d10      99%         3
 Ice Form                 Ice/Tmut       0%         N/A       100%        4
 Iskenderun's Mystic Bla  Conj/Tloc      0%         2d3       100%        4
 Leda's Liquefaction      Hex/Erth       0%         N/A       100%        4
 Borgnjor's Vile Clutch   Necr/Erth      0%         N/A       100%        5
 Simulacrum               Ice/Necr       0%         N/A       100%        6
 Starburst                Conj/Fire      0%         6d3       100%        6
 Statue Form              Tmut/Erth      0%         N/A       100%        6


Dungeon Overview and Level Annotations

Branches:
Dungeon (5/15)
 Temple: D:4-7

Altars:
Cheibriados
Uskayaw
Wu Jian


Innate Abilities, Weirdness & Mutations

You cannot be hasted, slowed, berserked, paralysed or teleported.
You can dig through walls and to a lower floor.
You have a pair of large antennae on your head. (SInv)
Your four strong arms can wield two-handed weapons with a shield.


Message History

You kill the orc!
You hit the orc.
The orc is almost dead.
The orc hits you with a +0 hand axe.
You hit the orc.
You kill the orc!
You hit the orc priest.
The orc priest is lightly wounded.
The orc priest barely misses you.
You sock the orc priest!
The orc priest is almost dead.
The orc priest calls down the wrath of Beogh upon you.
You struggle to resist.
You hit the orc priest.
You kill the orc priest!
You hit the orc.
The orc is heavily wounded.
The orc closely misses you.
You sock the orc!
You kill the orc!
Items here: ( )))) [[ †.
HP restored.
An ogre comes into view. It is wielding a +0 giant club.
The ogre shouts!
An ogre is nearby!
Found a leather armour.
The ogre hits you with a +0 giant club!
You barely miss the ogre. The ogre barely misses you.
You barely miss the ogre. You hit the ogre.
The ogre is lightly wounded.
The ogre hits you with a +0 giant club!
You sock the ogre!
The ogre is moderately wounded.
The ogre hits you with a +0 giant club!!
* * * LOW HITPOINT WARNING * * *
You thump the ogre!
The ogre is heavily wounded.
The ogre hits you with a +0 giant club!!
You die...

....... [##
........ ....
##........
...###.#....... .
#.....#.....## .
#............. #.
#.##.....O.......
#.
#.#.)....@.......
#≈
#................
#≈
#........!...###.
#§
#.##............
#.
####....#..#.#..#
#.###.....###.##.#
.# #..)...<....#.#
. .
####............
.. #............


You could see an ogre.

Vanquished Creatures
  A scorpion (D:3)
  4 orc priests
  Ijyb (D:4)
  A sleepcap (D:4)
  An orc wizard (D:2)
  3 gnolls (D:3)
  8 adders
  A worm (D:3)
  4 dart slugs
  15 orcs
  6 ball pythons
  7 endoplasms
  2 giant cockroaches
  5 goblins
  6 hobgoblins
  2 jackals (D:1)
  5 kobolds
  3 quokkas
  3 bats (D:2)
  2 frilled lizards
  2 rats
  A spectral goblin (D:1)
83 creatures vanquished.

Notes
Turn   | Place    | Note
-------+----------+-------------------------------------------
     0 | D:1      | Ivernyr the Formicid Fighter began the quest for the Orb.
     0 | D:1      | Reached XP level 1. HP: 18/18 MP: 1/1
    98 | D:1      | Reached XP level 2. HP: 24/24 MP: 2/2
   116 | D:1      | Found a faded altar of an unknown god.
   591 | D:1      | Reached XP level 3. HP: 27/29 MP: 3/3
   982 | D:2      | Reached XP level 4. HP: 37/37 MP: 4/4
  1367 | D:2      | Reached XP level 5. HP: 33/42 MP: 5/5
  1479 | D:3      | Found a hide-covered altar of Uskayaw.
  1702 | D:3      | Reached skill level 5 in Shields
  1706 | D:3      | HP: 2/42 [orc/+0 mace (4)]
  1907 | D:3      | Reached XP level 6. HP: 45/48 MP: 6/6
  2994 | D:4      | Noticed Ijyb
  2999 | D:4      | Killed Ijyb
  3009 | D:4      | Found an ornate altar of the Wu Jian Council.
  3047 | D:4      | Reached XP level 7. HP: 18/55 MP: 7/7
  3228 | D:4      | Found a snail-covered altar of Cheibriados.
  3420 | D:4      | Got the Elucidation of the Quarry
  3731 | D:5      | Entered Level 5 of the Dungeon
  3771 | D:5      | Demolished by an ogre

Illustrated notes

Levels and vault maps discovered:
D:1:      elethiomel_arrival_quiet, layout_loops_ring,
          dreamdust_ecumenical_altar_drowned_temple
D:2:      layout_basic, minmay_misc_feat_rows
D:3:      layout_loops_ring, nicolae_overflow_hidden_temple, minmay_hedge_maze,
          kennysheep_nondescript, kennysheep_pointless_box
D:4:      layout_loops_cross, general_overflow_altar, cheibriados_altar_1,
          uniq_ijyb
D:5:      layout_cave_pools, kennysheep_orc_sif_temple,
          fedhas_altar_decomposition, grunt_dithmenos_smoke,
          corexii_corridor_pit, nicolae_elemental_shop, guppyfry_shop_venom

Skill      XL: |  1  2  3  4  5  6 |
---------------+-------------------+-----
Staves         | 3 4 |  4.8
Fighting       | 4 |  4.7
Armour         | 4 |  4.7
Shields        | 5 |  5.7

Action                     |  1- 3 |  4- 6 |  7- 9 || total
---------------------------+-------+-------+-------++-------
  Melee: Quarterstaff      |    83 |   155 |    49 ||   287
    Use: Potion            |       |     2 |       ||     2
 Armour: Scale mail        |    31 |    51 |    15 ||    97
  Dodge: Dodged            |    35 |    48 |    14 ||    97
  Block: Buckler           |    21 |    31 |     8 ||    60
